 Dungeon Crawl Stone Soup version 0.31-a0-986-g5e6e4ef867 (webtiles) character file.

Game seed: 2650597897654551320

1140 pokeman the Thaumaturge (level 8, -8/44 HPs)
             Began as a Deep Elf Hedge Wizard on Nov 4, 2023.
             Killed from afar by Maggie (11 damage)
             ... with a puff of flame
             ... on level 7 of the Dungeon.
             The game lasted 00:09:15 (6245 turns).

pokeman the Thaumaturge (Deep Elf Hedge Wizard)     Turns: 6245, Time: 00:09:16

Health: -8/44      AC:  2    Str:  7    XL:     8   Next: 14%
Magic:  3/23       EV: 13    Int: 22    God:
Gold:   357        SH:  0    Dex: 14    Spells: 8/25 levels left

rFire   . . .        k - +2 dagger (venom)
rCold   . . .        (no shield)
rNeg    . . .        b - +0 robe
rPois   .            (no helmet)
rElec   .            (no cloak)
rCorr   .            (no gloves)
SInv    +            (no boots)
Will    .....        (no amulet)
Stlth   ++           u - ring of see invisible
HPRegen 0.27/turn    (no ring)
MPRegen 0.18/turn

%: no passive effects
@: on blink cooldown, mesmerised
A: no striking features
a: no special abilities


You were on level 7 of the Dungeon.
You visited 2 branches of the dungeon, and saw 8 of its levels.

You collected 357 gold pieces.

Inventory:

Hand Weapons
 k - a +2 dagger of venom (weapon)
Armour
 b - a +0 robe (worn)
 c - a +0 hat
 F - a +2 helmet of intelligence
Magical Staves
 B - a staff of cold
 C - a staff of poison
 D - a staff of air
Jewellery
 e - a ring of ice
 n - an amulet of faith
 u - a ring of see invisible (left hand)
Wands
 y - a wand of roots (7)
 E - a wand of digging (4)
Scrolls
 f - 2 scrolls of poison {unknown}
 g - 2 scrolls of silence {unknown}
 h - 4 scrolls of teleportation {unknown}
 j - 2 scrolls of blinking {unknown}
 m - 4 scrolls of identify {unknown}
 o - 2 scrolls of fog {unknown}
 s - a scroll of fear {unknown}
Potions
 a - 2 potions of degeneration {unknown}
 d - 2 potions of magic
 i - 3 potions of attraction {unknown}
 l - 2 potions of cancellation {unknown}
 p - a potion of lignification {unknown}
 q - a potion of resistance {unknown}
 r - 2 potions of ambrosia {unknown}
 t - 4 potions of curing {unknown}
 v - 2 potions of enlightenment {unknown}
 w - 3 potions of mutation {unknown}
 x - 2 potions of haste {unknown}
 z - a potion of might {unknown}
 A - 2 potions of brilliance {unknown}


   Skills:
 - Level 2.2 Fighting
 + Level 1.6 Armour
 - Level 3.1 Dodging
 - Level 3.0 Stealth
 * Level 9.0 Spellcasting
 + Level 4.5 Conjurations
 - Level 1.1 Summonings
 - Level 1.1 Translocations
 + Level 2.7 Fire Magic
 - Level 1.0 Ice Magic
 - Level 1.0 Air Magic
 - Level 2.1 Earth Magic
 - Level 1.1 Poison Magic
 - Level 1.0 Evocations


You had 8 spell levels left.
You knew the following spells:

 Your Spells              Type           Power      Damage    Failure   Level
a - Magic Dart            Conj           100%       1d8       1%          1
b - Mephitic Cloud        Conj/Pois/Air  19%        N/A       9%          3
c - Call Imp              Summ           28%        N/A       6%          2
d - Blink                 Tloc           28%        N/A       6%          2
e - Stone Arrow           Conj/Erth      48%        3d10      4%          3
f - Starburst             Conj/Fire      13%        6d5       92%         6

Your spell library contained the following spells:

 Spells                   Type           Power      Damage    Failure   Level
 Sandblast                Erth           38%        2d10      2%          1
 Summon Small Mammal      Summ           56%        N/A       4%          1
 Lesser Beckoning         Tloc           28%        N/A       6%          2
 Slow                     Hex            36%        N/A       7%          1
 Passwall                 Tmut/Erth      11%        N/A       7%          2
 Cigotuvi's Dreadful Rot  Necr/Pois/Air  26%        N/A       8%          2
 Dazzling Flash           Conj/Hex       38%        N/A       8%          3
 Ensorcelled Hibernation  Hex/Ice        24%        N/A       9%          2
 Volatile Blastmotes      Fire/Tloc      36%        2d13      9%          3
 Jinxbite                 Hex            18%        N/A       10%         2
 Call Canine Familiar     Summ           14%        N/A       13%         3
 Gell's Gravitas          Tloc           14%        N/A       13%         3
 Teleport Other           Tloc           14%        N/A       13%         3
 Summon Guardian Golem    Hex/Summ       12%        N/A       16%         3
 Brom's Barrelling Bould  Conj/Erth      24%        2d5       17%         4
 Anguish                  Hex/Necr       4%         N/A       54%         4
 Maxwell's Capacitive Co  Air            7%         ∞         100%        8


Dungeon Overview and Level Annotations

Branches:
Dungeon (7/15)             Temple (1/1) D:4

Altars:
Ashenzari
Cheibriados
Fedhas
Gozag
Hepliaklqana
Kikubaaqudgha
Makhleb
Ru
Sif Muna
Uskayaw
Wu Jian
Yredelemnul
Zin
The Shining One

Annotations:
D:6 Loot behind freezing clouds, fire
D:7 Maggie


Message History

Casting: Mephitic Cloud (dangerous; 9% risk of failure)
Confirm with . or Enter, or press ? or * to list all spells.
You blink.
The orc warrior seems less confused.
Maggie gestures at you while chanting. The bolt of fire misses you.
Unknown command.
The orc warrior hits you with a +0 short sword!
* * * LOW HITPOINT WARNING * * *
Unknown command.
You cannot move away from Maggie!
Aiming: Fastroot
Press: ? - help, Shift-Dir - straight line, p - orc warrior The roots erupt in riotous growth!
Roots grab the orc priest.
Roots grab the orc warrior.
The grasping roots constrict the orc warrior.
You kill the orc warrior!
The grasping roots constrict the orc priest.
The orc priest struggles to escape constriction.
Maggie points at you and mumbles some strange words.
The bolt of fire hits you!
* * * LOW HITPOINT WARNING * * *
Your Spellcasting skill increases to level 9!
Unknown command.
Aiming: Fastroot
Press: ? - help, Shift-Dir - straight line, f - Maggie
Aim: Maggie, wielding a +0 morningstar of flaming, wearing +0 swamp dragon scales and carrying a wand of flame (mesmerising)
The roots erupt in riotous growth!
Roots grab Maggie.
The grasping roots constrict Maggie, but do no damage.
The grasping roots constrict the orc priest.
The orc priest escapes!
Maggie struggles to escape constriction.
You cannot move away from Maggie!
The grasping roots constrict Maggie.
The roots release their grip on Maggie.
The orc priest completely misses you.
You catch the helpless orc priest completely off-guard!
You puncture the orc priest!
You kill the orc priest!
Maggie zaps a wand.
The puff of flame hits you!
You die...

...###########
#.......[...#####
#...............
.
##.........#####
...###....))...#
.........))))..#
...###.....@...##
#.
#..<...)...#....
#.....)@.....#
#.........#..#
##...######..#
#.... ... #.....
.. ........
#.......


You could see Maggie (mesmerising).

Vanquished Creatures
  Sigmund (D:6)
  A steam dragon (D:6)
  Menkaure (D:6)
  An orc warrior (D:7)
  An ogre (D:6)
  A phantom (D:5)
  2 electric eels (D:6)
  3 hounds
  3 orc priests (D:7)
  2 sleepcaps
  An iguana (D:5)
  An orc wizard (D:7)
  2 adders (D:2)
  3 shadow imps
  A white imp (D:6)
  2 ufetubi (D:6)
  2 worms (D:2)
  3 dart slugs
  10 orcs
  5 endoplasms
  8 goblins
  5 hobgoblins
  3 jackals (D:2)
  5 quokkas
  7 ball pythons
  13 bats
  2 frilled lizards (D:1)
  6 kobolds
  A rat (D:1)
96 creatures vanquished.

Vanquished Creatures (others)
  A sleepcap (D:6)
1 creature vanquished.

Grand Total: 97 creatures vanquished

Notes
Turn   | Place    | Note
-------+----------+-------------------------------------------
     0 | D:1      | pokeman the Deep Elf Hedge Wizard began the quest for the
                  | Orb.
     0 | D:1      | Reached XP level 1. HP: 10/10 MP: 7/7
   404 | D:1      | Reached XP level 2. HP: 16/16 MP: 4/9
   774 | D:1      | Found a faded altar of an unknown god.
  1018 | D:2      | Reached skill level 5 in Spellcasting
  1137 | D:2      | Reached XP level 3. HP: 20/20 MP: 5/11
  1141 | D:2      | Learned a level 3 spell: Mephitic Cloud
  1144 | D:2      | Learned a level 2 spell: Call Imp
  1147 | D:2      | Learned a level 2 spell: Blink
  1441 | D:2      | Reached skill level 1 in Fighting
  1606 | D:2      | Reached skill level 1 in Armour
  2311 | D:3      | Reached XP level 4. HP: 25/25 MP: 7/13
  3702 | D:4      | Found a staircase to the Ecumenical Temple.
  3715 | Temple   | Entered the Ecumenical Temple
  3858 | D:4      | Learned a level 3 spell: Stone Arrow
  4014 | D:5      | Entered Level 5 of the Dungeon
  4056 | D:5      | Reached skill level 6 in Spellcasting
  4056 | D:5      | Reached XP level 5. HP: 23/29 MP: 9/15
  4517 | D:5      | Noticed a phantom
  4522 | D:5      | Killed a phantom
  4523 | D:5      | Reached skill level 1 in Earth Magic
  4523 | D:5      | Reached skill level 1 in Poison Magic
  4523 | D:5      | Reached skill level 1 in Evocations
  4523 | D:5      | Reached XP level 6. HP: 34/34 MP: 6/17
  4787 | D:5      | Reached skill level 1 in Air Magic
  5111 | D:6      | Reached skill level 1 in Ice Magic
  5181 | D:6      | Noticed a steam dragon
  5200 | D:6      | Killed a steam dragon
  5201 | D:6      | Reached skill level 7 in Spellcasting
  5304 | D:6      | Learned a level 6 spell: Starburst
  5317 | D:6      | Noticed Menkaure
  5325 | D:6      | Killed Menkaure
  5326 | D:6      | Reached XP level 7. HP: 21/39 MP: 7/20
  5555 | D:6      | Reached skill level 1 in Fire Magic
  5674 | D:6      | Noticed Sigmund
  5679 | D:6      | Killed Sigmund
  5680 | D:6      | Reached skill level 8 in Spellcasting
  5714 | D:6      | Found a sacrificial altar of Ru.
  6221 | D:7      | Reached XP level 8. HP: 44/44 MP: 7/22
  6230 | D:7      | Noticed Maggie
  6242 | D:7      | HP: 2/44 [Maggie/bolt of fire (10)]
  6243 | D:7      | Reached skill level 9 in Spellcasting
  6245 | D:7      | Killed from afar by Maggie

Illustrated notes

Levels and vault maps discovered:
D:1:      lightli_arrival_statuegarden, layout_basic,
          ebering_ecumenical_altar_petrified
D:2:      layout_basic
D:3:      layout_basic
D:4:      layout_gridville, minmay_temple_entry_glass, serial_bayou_crossing
D:5:      layout_basic, kennysheep_cluttered_room,
          amcnicky_mini_rare_corridor_liquid
D:6:      lemuel_ice_spiral_2, layout_rooms, nicolae_overflow_hidden_temple,
          kennysheep_big_empty_room, lemuel_flame_loot_1, uniq_menkaure,
          uniq_sigmund
D:7:      layout_rooms, elyvilon_altar_4, grunt_temple_overflow_open,
          enter_bailey_3, uniq_maggie
Temple:   cyrus_circular_temple

Skill      XL: |  1  2  3  4  5  6  7  8 |
---------------+-------------------------+-----
Spellcasting   | 5 6 7 8 9 |  9.0
Fighting       | 1 2 |  2.2
Armour         | 1 |  1.6
Conjurations   | 2 3 4 |  4.5
Dodging        | 3 |  3.1
Stealth        | 3 |  3.0
Earth Magic    | 1 2 |  2.1
Poison Magic   | 1 |  1.1
Evocations     | 1 |  1.0
Air Magic      | 1 |  1.0
Ice Magic      | 1 |  1.0
Fire Magic     | 2 |  2.7
Summonings     | |  1.1
Translocations | |  1.1

Action                     |  1- 3 |  4- 6 |  7- 9 || total
---------------------------+-------+-------+-------++-------
  Melee: Dagger            |    19 |    29 |    17 ||    65
   Cast: Magic Dart        |    99 |    56 |     9 ||   164
         Mephitic Cloud    |     1 |     5 |     4 ||    10
         Stone Arrow       |       |     9 |    15 ||    24
         Blink             |       |       |     1 ||     1
  Evoke: Wand              |       |       |     2 ||     2
   Stab: Confused          |     1 |     4 |     3 ||     8
 Armour: Robe              |    10 |    14 |    15 ||    39
  Dodge: Dodged            |    16 |    19 |     9 ||    44

Table legend: (Time is in decaauts)
 A = Elapsed time spent in this place.
 B = Non-inter-level travel time spent in this place.
 C = Inter-level travel time spent in this place.
 D = Time resting spent in this place.
 E = Time spent auto-exploring this place.
 F = Levels seen in this place.
 G = Mean time per level.
                   A        B        C        D        E       F      G
               +--------+--------+--------+--------+--------+-----+--------+
         Total |   6246 |   6067 |    179 |    106 |   5378 |   8 |  780.8 |
       Dungeon |   6244 |   6065 |    179 |    106 |   5378 |   7 |  892.0 |
        Temple |      1 |      1 |      0 |      0 |      0 |   1 |    1.0 |
               +--------+--------+--------+--------+--------+-----+--------+

Top non-repeatable levels by time:
     D:3: 1383 daAuts
     D:2: 1229 daAuts
     D:5: 1093 daAuts
     D:6: 1091 daAuts
     D:1: 914 daAuts
     D:4: 486 daAuts
     D:7: 44 daAuts
  Temple: 1 daAuts
